 Dungeon Crawl Stone Soup version 0.23.2-40-g277498a001 (webtiles) character file.

Game seed: 12912150640230283595

1151 diiiiiane the Magician (level 8, -1/42 HPs)
             Began as a Deep Elf Fire Elementalist on Oct 20, 2019.
             Was a Follower of Vehumet.
             Slain by a hippogriff (7 damage)
             ... on level 7 of the Dungeon.
             The game lasted 00:38:25 (7725 turns).

diiiiiane the Magician (Deep Elf Fire Elementalist) Turns: 7725, Time: 00:38:27

Health: -1/42      AC:  3    Str:  5    XL:     8   Next: 15%
Magic:  16/30      EV:  6    Int: 23    God:    Vehumet [*.....]
Gold:   31         SH:  0    Dex: 15    Spells: 3/21 levels left

rFire    . . .     SeeInvis .   g - +2 dagger (venom)
rCold    . . .     Gourm    .   u - +2 buckler
rNeg     . . .     Faith    .   k - +0 leather armour
rPois    +         Spirit   .   (no helmet)
rElec    .         Reflect  .   (no cloak)
rCorr    .         Harm     .   (no gloves)
MR       .....                  (no boots)
Stlth    ++........             (no amulet)
HPRegen  0.14/turn              d - ring of poison resistance
MPRegen  0.22/turn              i - ring of magical power

@: about to teleport, marked, very slightly contaminated, held, invisible
A: no striking features
a: Renounce Religion


You were on level 7 of the Dungeon.
You worshipped Vehumet.
Vehumet was aware of your devotion.
You were not hungry.

You visited 2 branches of the dungeon, and saw 8 of its levels.
You also visited: Sewer.

You collected 315 gold pieces.
You spent 284 gold pieces at shops.

Inventory:

Hand Weapons
 g - a +2 dagger of venom (weapon)
 h - a +2 short sword of protection
 w - a +1 vampiric short sword
Armour
 a - a +0 robe
 k - a +0 leather armour (worn)
 u - a +2 buckler (worn)
Jewellery
 d - a ring of poison resistance (left hand)
 e - an uncursed ring of flight
 i - a ring of magical power (right hand)
 p - an uncursed ring of ice
Wands
 b - a wand of acid (5)
 v - a wand of polymorph (9)
 x - a wand of disintegration (8)
Scrolls
 j - 3 scrolls of enchant weapon
 l - a scroll of remove curse
 m - 5 scrolls of teleportation
 s - a scroll of fog
Potions
 n - a potion of invisibility
 o - 3 potions of might
 q - 2 potions of flight
 r - a potion of mutation {unknown}
 t - 2 potions of berserk rage
Comestibles
 c - 9 rations
 f - 4 chunks of flesh


   Skills:
 + Level 0.6 Fighting
 + Level 1.9 Short Blades
 + Level 1.4 Armour
 + Level 3.6 Dodging
 + Level 3.3 Stealth
 + Level 0.4 Shields
 + Level 7.3 Spellcasting
 + Level 4.6 Conjurations
 + Level 6.6 Fire Magic


You had 3 spell levels left.
You knew the following spells:

 Your Spells              Type           Power        Failure   Level  Hunger
a - Flame Tongue          Conj/Fire      ####.        1%          1    None
b - Throw Flame           Conj/Fire      ####..       3%          2    None
c - Conjure Flame         Conj/Fire      ####....     6%          3    None
d - Inner Flame           Hex/Fire       ###.....     14%         3    None
e - Sticky Flame          Conj/Fire      ####....     19%         4    ###....
f - Fireball              Conj/Fire      ####......   47%         5    #####..

Your spell library contained the following spells:

 Spells                   Type           Power        Failure   Level  Hunger
 Freeze                   Ice            #...         19%         1    None


Dungeon Overview and Level Annotations

Branches:
Dungeon (7/15)             Temple (1/1) D:4

Altars:
Ashenzari
Cheibriados
Dithmenos
Elyvilon
Fedhas
Gozag
Nemelex Xobeh
Qazlal
Ru
Sif Muna
Trog
Uskayaw
Vehumet
Wu Jian
Yredelemnul
Zin
The Shining One

Shops:
D:4 }   D:7 !

Annotations:
D:7 Harold


Message History

The jackal barely misses you. The jackal bites you.
* * * LOW HITPOINT WARNING * * *
The jackal barely misses you.
You feel much better.
Harold burns!
The jackal bites you but does no damage.
Harold casts a spell at you. The mark upon you grows brighter.
The hippogriff completely misses you. The hippogriff pecks you.
The hippogriff claws you.
* * * LOW HITPOINT WARNING * * *
The jackal closely misses you. The jackal bites you.
* * * LOW HITPOINT WARNING * * *
The jackal bites you.
* * * LOW HITPOINT WARNING * * *
You fade into invisibility!
Harold burns!
The jackal bites you.
* * * LOW HITPOINT WARNING * * *
Harold hits you but does no damage.
The jackal bites you but does no damage.
The hippogriff bites you!
You die...

......... ..........
##........###
............
#......†...#
##..........#
.........@Hh#
.#$......h@h#)
...........#..#
..........##.##
#......####.#####
####.#.............#
##...........#.....
##............#..##
. #...............#
..#.............#.#


You could see Harold (burning), a hippogriff and 3 jackals.

Vanquished Creatures
  2 phantoms
  A water moccasin skeleton (D:6)
  2 scorpions
  A howler monkey (D:4)
  4 crimson imps
  A jelly (D:5)
  An orc priest (D:2)
  A hound (D:3)
  An orc wizard (D:2)
  3 iguanas
  4 worker ants
  2 hound skeletons
  A howler monkey zombie (D:2)
  9 adders
  2 river rats (D:4)
  A shadow imp (D:6)
  2 oozes (D:1)
  An adder zombie (D:6)
  9 worms
  A dart slug (D:2)
  3 leopard geckos
  14 orcs
  4 ball pythons
  15 bats
  15 giant cockroaches
  14 hobgoblins
  18 jackals
  14 kobolds
  4 quokkas
  7 frilled lizards
  8 goblins
  2 leopard gecko skeletons
  A quokka zombie (D:7)
  10 rats
  A bush (D:6)
179 creatures vanquished.

Notes
Turn   | Place    | Note
-------+----------+-------------------------------------------
     0 | D:1      | diiiiiane the Deep Elf Fire Elementalist began the quest
                  | for the Orb.
     0 | D:1      | Reached XP level 1. HP: 10/10 MP: 6/6
   470 | D:1      | Reached XP level 2. HP: 15/15 MP: 5/8
  1057 | D:1      | Reached XP level 3. HP: 19/19 MP: 10/10
  1061 | D:1      | Learned a level 2 spell: Throw Flame
  1065 | D:1      | Learned a level 3 spell: Conjure Flame
  1069 | D:1      | Learned a level 3 spell: Inner Flame
  1314 | D:1      | Reached skill level 4 in Spellcasting
  1844 | D:2      | Reached XP level 4. HP: 3/24 MP: 7/12
  2267 | D:2      | Reached XP level 5. HP: 28/28 MP: 13/13
  2273 | D:2      | Learned a level 4 spell: Sticky Flame
  2371 | D:2      | Found an opulent altar of Gozag.
  2774 | D:2      | Reached skill level 5 in Spellcasting
  3126 | D:3      | Found an opulent altar of Gozag.
  3128 | D:3      | Found a bloodstained altar of Trog.
  3186 | D:3      | Found a shadowy altar of Dithmenos.
  3195 | D:3      | Reached skill level 5 in Fire Magic
  3305 | D:3      | Reached XP level 6. HP: 28/32 MP: 13/15
  3826 | D:4      | Found a glowing drain.
  3834 | Sewer    | Entered a sewer
  4960 | D:4      | Found Ajiddic's Gadget Boutique.
  4965 | D:4      | Bought a wand of polymorph (9) for 154 gold pieces
  5299 | D:4      | Found a staircase to the Ecumenical Temple.
  5306 | Temple   | Entered the Ecumenical Temple
  5362 | Temple   | Became a worshipper of Vehumet
  5479 | D:5      | Entered Level 5 of the Dungeon
  5489 | D:4      | Reached skill level 6 in Spellcasting
  5493 | D:4      | Reached XP level 7. HP: 16/36 MP: 18/18
  5795 | D:5      | Learned a level 5 spell: Fireball
  5821 | D:5      | Reached skill level 1 in Armour
  6212 | D:5      | Found a snail-covered altar of Cheibriados.
  6217 | D:5      | Found a sparkling altar of Nemelex Xobeh.
  6220 | D:5      | Found a deep blue altar of Sif Muna.
  6223 | D:5      | Found a basalt altar of Yredelemnul.
  6509 | D:5      | Reached skill level 1 in Short Blades
  6767 | D:5      | Found a glowing golden altar of the Shining One.
  7195 | D:6      | Found a shattered altar of Ashenzari.
  7328 | D:6      | Reached skill level 7 in Spellcasting
  7328 | D:6      | Reached XP level 8. HP: 42/42 MP: 20/20
  7602 | D:7      | Reached * piety under Vehumet
  7602 | D:7      | Offered knowledge of Freeze by Vehumet.
  7691 | D:7      | Found Cekhlawod's Distillery.
  7695 | D:7      | Bought 2 potions of heal wounds for 130 gold pieces
  7709 | D:7      | Noticed Harold
  7713 | D:7      | Noticed a hippogriff
  7725 | D:7      | Slain by a hippogriff

Skill      XL: |  1  2  3  4  5  6  7 |
---------------+----------------------+-----
Fire Magic     | 4 5 6 |  6.6
Spellcasting   | 4 5 6 7 |  7.3
Dodging        | 3 |  3.6
Conjurations   | 2 3 4 |  4.6
Stealth        | 3 |  3.3
Armour         | 1 |  1.4
Short Blades   | 1 |  1.9
Fighting       | |  0.6
Shields        | |  0.4

Action                   |  1- 3 |  4- 6 |  7- 9 || total
-------------------------+-------+-------+-------++-------
Melee: Dagger            |    12 |    47 |   148 ||   207
 Cast: Flame Tongue      |    55 |   115 |    52 ||   222
       Throw Flame       |    14 |    60 |    31 ||   105
       Conjure Flame     |     1 |       |       ||     1
       Inner Flame       |     1 |       |       ||     1
       Sticky Flame      |       |     3 |     7 ||    10
 Abil: Evoke Flight      |       |     1 |       ||     1
  Use: Potion            |     2 |     2 |     5 ||     9
       Scroll            |       |     7 |     3 ||    10
  Eat: Chunk             |     3 |    13 |     8 ||    24
Armor: Robe              |     9 |       |       ||     9
       Leather armour    |     3 |    25 |    26 ||    54
Dodge: Dodged            |    26 |    42 |    61 ||   129
Block: Buckler           |       |     7 |    34 ||    41
